 Dungeon Crawl Stone Soup version 0.29.0-4-gdea44cf6ec (webtiles) character file.

Game seed: 2235105978532035571

234 qw the Chopper (level 6, 0/35 HPs)
             Began as a Tengu Warper on Aug 28, 2022.
             Was an Initiate of Okawaru.
             Killed from afar by Sigmund (13 damage)
             ... with a puff of flame
             ... on level 3 of the Dungeon.
             The game lasted 00:00:19 (3103 turns).

qw the Chopper (Tengu Warper)                       Turns: 3103, Time: 00:00:20

Health: 0/35       AC:  8    Str: 14    XL:     6   Next: 5%
Magic:  10/10      EV:  7    Int: 13    God:    Okawaru [......]
Gold:   118        SH:  0    Dex: 13    Spells: 9/9 levels left

rFire   . . .      SeeInvis .   Y - +0 hand axe
rCold   + . .      Faith    .   (no shield)
rNeg    . . .      Spirit   .   e - +0 chain mail
rPois   .          Reflect  .   (helmet restricted)
rElec   .          Harm     .   (no cloak)
rCorr   .          Rampage  .   (no gloves)
Will    .....                   (boots unavailable)
Stlth   ..........              (no amulet)
HPRegen 0.11/turn               f - ring of protection from cold
MPRegen 0.12/turn               (no ring)

@: flying quickly and evasively, quick
A: beak, talons 3, nimble flight
a: Renounce Religion


You were on level 3 of the Dungeon.
You worshipped Okawaru.
Okawaru was noncommittal.
You visited 1 branch of the dungeon, and saw 3 of its levels.

You collected 118 gold pieces.


Innate Abilities, Weirdness & Mutations

You have a beak for a mouth.
You have claws for feet.
Your magical nature lets you fly swiftly and evasively.


   Skills:
 - Level 2.0 Fighting
 + Level 6.4 Axes
 - Level 1.0 Throwing
 - Level 2.0 Armour
 - Level 2.1 Dodging
 - Level 2.0 Spellcasting
 - Level 2.4 Translocations


You had 9 spell levels left.
You didn't know any spells.
Your spell library contained the following spells:

 Spells                   Type           Power      Damage    Failure   Level
 Blink                    Tloc           14%        N/A       98%         2
 Gell's Gravitas          Tloc           7%         N/A       100%        3
 Lesser Beckoning         Tloc           7%         N/A       100%        3
 Teleport Other           Tloc           7%         N/A       100%        3
 Manifold Assault         Tloc           7%         N/A       100%        5

Inventory:

Hand Weapons
 b - a +0 flail
 Y - a +0 hand axe (weapon)
Armour
 e - a +0 chain mail (worn)
Jewellery
 f - a ring of protection from cold (left hand)
Scrolls
 a - a scroll of summoning {unknown}
 d - a scroll of identify
 k - a scroll of enchant armour
Potions
 c - a potion of attraction {unknown}
 g - 2 potions of curing
 h - 2 potions of invisibility {unknown}
 i - a potion of mutation {unknown}
 j - a potion of might {unknown}

Dungeon Overview and Level Annotations

Branches:
Dungeon (3/15)

Altars:
Nemelex Xobeh
Okawaru
Zin
The Shining One

Annotations:
D:3 Sigmund


Message History

Found a glowing silver altar of Zin.
Sigmund shouts!
Sigmund flickers, as though insubstantial.
Sigmund hits you from afar with a +5 vampiric scythe.
Found a glowing golden altar of the Shining One.
Sigmund hits you but does no damage.
You barely miss Sigmund. You claw Sigmund.
Sigmund is lightly wounded.
You hit Sigmund.
Sigmund is moderately wounded.
Sigmund misses you.
You hit Sigmund. Your kick misses Sigmund.
Sigmund is heavily wounded.
Sigmund hits you with a +5 vampiric scythe.
Sigmund draws strength from your wounds!
You closely miss Sigmund. You claw Sigmund.
Sigmund is heavily wounded.
You closely miss Sigmund. Your kick misses Sigmund. Your peck misses Sigmund.
Sigmund is heavily wounded.
Sigmund barely misses you.
You closely miss Sigmund. Your kick misses Sigmund. Your peck misses Sigmund.
Sigmund is heavily wounded.
Sigmund hits you with a +5 vampiric scythe.
You hit Sigmund but do no damage. Your kick misses Sigmund.
Sigmund is heavily wounded.
You barely miss Sigmund. You claw Sigmund. You peck Sigmund.
Sigmund is severely wounded.
Sigmund barely misses you.
You hit Sigmund. You claw Sigmund, but do no damage.
Sigmund is severely wounded.
You barely miss Sigmund. You claw Sigmund, but do no damage.
Sigmund is severely wounded.
Sigmund says, "You will soon forget everything."
Sigmund hits you with a +5 vampiric scythe!
Sigmund draws strength from your wounds!
You barely miss Sigmund. You claw Sigmund. You peck Sigmund, but do no damage.
Sigmund is severely wounded.
Sigmund gestures at you while chanting. The puff of flame hits you!
You die...

#......##.##...## .
#.#...##...##.## #.
#.#####..#..#.## #..
##%#####.###.#..#
#...##.....##.###.##.#
#......####..._#.##.#
#......###_....#..'.#
####..##...##..@_#.####
##......####.# #@# #.#
...#....# #.# #.###.#
..#..##.# #.# #..#..#
....###.# #.####...##
>%..>##.####...###.##
.%........####.# #_#
...#####.....#.#####
##.#####.###)....#
#....##.# ##....#


You could see Sigmund.

Vanquished Creatures
  A hound (D:3)
  Natasha (thrice) (D:2)
  Robin (D:2)
  4 adders
  5 orcs (D:2)
  4 bats
  6 endoplasms
  20 goblins
  7 hobgoblins
  6 jackals
  5 kobolds
  2 quokkas (D:2)
  4 ball pythons (D:1)
  2 frilled lizards (D:1)
  4 rats
74 creatures vanquished.

Notes
Turn   | Place    | Note
-------+----------+-------------------------------------------
     0 | D:1      | qw the Tengu Warper began the quest for the Orb.
     0 | D:1      | Reached XP level 1. HP: 12/12 MP: 4/4
     0 | D:1      | 0 ||| qw: Version: 0.1-a-89-g26bdef1
     0 | D:1      | 0 ||| qw: Game counter: 1915
     0 | D:1      | 0 ||| qw: Always use a shield: true
     0 | D:1      | 0 ||| qw: God list: Okawaru
     0 | D:1      | 0 ||| qw: Allow faded altars: false
     0 | D:1      | 0 ||| qw: Do Orc after D:15 true
     0 | D:1      | 0 ||| qw: Do second Lair branch before Depths: true
     0 | D:1      | 0 ||| qw: Lair rune preference: random
     0 | D:1      | 0 ||| qw: Plans: Normal
     0 | D:1      | 0 ||| PLANNING D:1-11
     6 | D:1      | 6 ||| Stepping ~*~*~tactically~*~*~ (stealth).
     7 | D:1      | 7 ||| Stepping ~*~*~tactically~*~*~ (stealth).
    27 | D:1      | 27 ||| Stepping ~*~*~tactically~*~*~ (stealth).
   144 | D:1      | Reached XP level 2. HP: 15/17 MP: 6/6
   145 | D:1      | Reached skill level 3 in Axes
   455 | D:1      | 455 ||| DROPPING +0 club.
   498 | D:1      | Found a faded altar of an unknown god.
   897 | D:1      | 897 ||| UPGRADING to ring of protection from cold.
   898 | D:1      | 898 ||| READING scroll labelled SIXIOF GATAG.
   899 | D:1      | 899 ||| READING scroll labelled DUDUTAINAQ.
   900 | D:1      | 900 ||| READING scroll labelled BOEJYPTUYX.
   901 | D:1      | 901 ||| DRINKING 2 smoky ruby potions.
   902 | D:1      | 902 ||| DROPPING scroll of blinking.
   919 | D:2      | 919 ||| STAIRDANCE
  1035 | D:2      | 1035 ||| Stepping ~*~*~tactically~*~*~ (stealth).
  1038 | D:2      | 1038 ||| Stepping ~*~*~tactically~*~*~ (stealth).
  1043 | D:2      | Reached XP level 3. HP: 21/21 MP: 7/7
  1069 | D:2      | 1069 ||| Stepping ~*~*~tactically~*~*~ (hiding).
  1070 | D:2      | 1070 ||| Stepping ~*~*~tactically~*~*~ (hiding).
  1129 | D:2      | Noticed Robin
  1130 | D:2      | 1130 ||| Stepping ~*~*~tactically~*~*~ (hiding).
  1134 | D:2      | Reached skill level 4 in Axes
  1142 | D:2      | Killed Robin
  1183 | D:2      | 1183 ||| FLEEEEING.
  1184 | D:2      | 1184 ||| FLEEEEING.
  1185 | D:2      | 1185 ||| FLEEEEING.
  1186 | D:2      | 1186 ||| FLEEEEING.
  1187 | D:2      | 1187 ||| FLEEEEING.
  1188 | D:2      | 1188 ||| FLEEEEING.
  1189 | D:2      | 1189 ||| FLEEEEING.
  1191 | D:2      | 1191 ||| FLEEEEING.
  1193 | D:2      | 1193 ||| FLEEEEING.
  1194 | D:2      | 1194 ||| FLEEEEING.
  1195 | D:2      | 1195 ||| FLEEEEING.
  1196 | D:2      | 1196 ||| FLEEEEING.
  1197 | D:2      | 1197 ||| FLEEEEING.
  1198 | D:2      | 1198 ||| FLEEEEING.
  1199 | D:2      | 1199 ||| FLEEEEING.
  1200 | D:2      | 1200 ||| FLEEEEING.
  1202 | D:2      | 1202 ||| FLEEEEING.
  1203 | D:2      | 1203 ||| FLEEEEING.
  1204 | D:2      | 1204 ||| FLEEEEING.
  1205 | D:2      | 1205 ||| FLEEEEING.
  1206 | D:2      | 1206 ||| FLEEEEING.
  1207 | D:2      | 1207 ||| FLEEEEING.
  1208 | D:2      | 1208 ||| STAIRDANCE
  1300 | D:1      | 1300 ||| READING 2 scrolls labelled INITOL WOURPH.
  1301 | D:1      | 1301 ||| DROPPING scroll of vulnerability.
  1309 | D:2      | 1309 ||| Stepping ~*~*~tactically~*~*~ (stealth).
  1337 | D:2      | Noticed Natasha
  1347 | D:2      | Killed Natasha
  1348 | D:2      | Reached XP level 4. HP: 17/26 MP: 8/8
  1585 | D:2      | Reached skill level 5 in Axes
  2103 | D:2      | 2103 ||| Stepping ~*~*~tactically~*~*~ (stealth).
  2122 | D:2      | Noticed Natasha
  2123 | D:2      | 2123 ||| Stepping ~*~*~tactically~*~*~ (stealth).
  2139 | D:2      | Killed Natasha
  2140 | D:2      | Gained mutation: Your magical nature lets you fly swiftly
                  | and evasively. [Tengu growth]
  2140 | D:2      | Reached XP level 5. HP: 19/30 MP: 9/9
  2279 | D:2      | Noticed Natasha
  2280 | D:2      | 2280 ||| FLEEEEING.
  2281 | D:2      | 2281 ||| FLEEEEING.
  2289 | D:2      | 2289 ||| FLEEEEING.
  2292 | D:2      | 2292 ||| FLEEEEING.
  2293 | D:2      | 2293 ||| FLEEEEING.
  2294 | D:2      | 2294 ||| FLEEEEING.
  2295 | D:2      | 2295 ||| FLEEEEING.
  2296 | D:2      | 2296 ||| FLEEEEING.
  2297 | D:2      | 2297 ||| FLEEEEING.
  2298 | D:2      | 2298 ||| FLEEEEING.
  2299 | D:2      | 2299 ||| FLEEEEING.
  2301 | D:2      | 2301 ||| FLEEEEING.
  2302 | D:2      | 2302 ||| FLEEEEING.
  2309 | D:2      | 2309 ||| FLEEEEING.
  2312 | D:2      | 2312 ||| FLEEEEING.
  2313 | D:2      | 2313 ||| FLEEEEING.
  2314 | D:2      | 2314 ||| FLEEEEING.
  2316 | D:2      | 2316 ||| FLEEEEING.
  2317 | D:2      | 2317 ||| FLEEEEING.
  2318 | D:2      | 2318 ||| FLEEEEING.
  2321 | D:2      | 2321 ||| STAIRDANCE
  2460 | D:1      | 2460 ||| UPGRADING to +0 ring mail.
  2470 | D:1      | 2470 ||| DROPPING +0 leather armour.
  2477 | D:2      | Killed Natasha
  2478 | D:2      | Reached skill level 6 in Axes
  2665 | D:3      | 2665 ||| STAIRDANCE
  2671 | D:3      | 2671 ||| STAIRDANCE
  2704 | D:2      | 2704 ||| DROPPING +0 whip.
  2708 | D:2      | 2708 ||| UPGRADING to +0 chain mail.
  2718 | D:2      | 2718 ||| DROPPING +0 ring mail.
  2722 | D:3      | 2722 ||| STAIRDANCE
  2843 | D:3      | 2843 ||| STAIRDANCE
  2962 | D:3      | 2962 ||| Stepping ~*~*~tactically~*~*~ (stealth).
  3034 | D:3      | Reached XP level 6. HP: 35/35 MP: 10/10
  3065 | D:3      | Found a faded altar of an unknown god.
  3065 | D:3      | Found an iron altar of Okawaru.
  3071 | D:3      | Found a sparkling altar of Nemelex Xobeh.
  3073 | D:3      | Became a worshipper of Warmaster Okawaru
  3090 | D:3      | Found a glowing silver altar of Zin.
  3090 | D:3      | Noticed Sigmund
  3092 | D:3      | Found a glowing golden altar of the Shining One.
  3103 | D:3      | Killed from afar by Sigmund

Levels and vault maps discovered:
D:1:      scummos_arrival_star, layout_loops_ring,
          ebering_ecumenical_altar_hall, minmay_misc_feat_tower
D:2:      minmay_diamond_boxcup, layout_basic, minmay_goblin_outpost,
          uniq_robin, uniq_natasha
D:3:      layout_rooms, chequers_temple_overflow_minitemple, serial_shops,
          nicolae_shop_overgrown_old_shop, uniq_sigmund

Skill      XL: |  1  2  3  4  5 |
---------------+----------------+-----
Axes           | 3 4 5 6 |  6.4
Armour         | 2 |  2.0
Fighting       | |  2.0
Throwing       | |  1.0
Dodging        | |  2.1
Spellcasting   | |  2.0
Translocations | |  2.4

Action                   |  1- 3 |  4- 6 || total
-------------------------+-------+-------++-------
Melee: Hand axe          |    89 |   104 ||   193
       Peck              |    12 |    13 ||    25
       Kick              |    16 |    33 ||    49
       Punch             |     2 |     1 ||     3
Throw: Boomerang         |     7 |       ||     7
  Use: Scroll            |     4 |       ||     4
       Potion            |     1 |       ||     1
 Stab: Distracted        |       |     1 ||     1
       Sleeping          |       |     1 ||     1
Armor: Leather armour    |    14 |     3 ||    17
       Chain mail        |       |    24 ||    24
       Ring mail         |       |     8 ||     8
Dodge: Dodged            |    43 |    53 ||    96

Table legend:
 A = Non-vault XP
 B = Vault XP
 C = Vault XP percentage of total XP
 D = Non-vault monster count
 E = Vault monster count
 F = Vault count percentage of total count
                 A         B        C        D         E       F
            +---------+---------+-------+---------+---------+-------
      Total |     215 |     120 |  35.8 |      47 |      27 |  36.5
            +---------+---------+-------+---------+---------+-------
        D:1 |      29 |       0 |   0.0 |      20 |       0 |   0.0
        D:2 |     105 |     120 |  53.3 |      18 |      27 |  60.0
        D:3 |      81 |       0 |   0.0 |       9 |       0 |   0.0
            +---------+---------+-------+---------+---------+-------
